AoeStats
← wzd27

Black Forest

509600731Analyzed
4v4 RM · 6d ago on Sep 27, 2026· 39m 29s· 8 players
Game mode
Random Map
Map size
Large (8 player)
Population
200
Speed
Normal
Resources
Standard
Victory
Conquest
Starting age
Dark Age
Ending age
Imperial Age
RankedLock teamsTeams togetherTeam positionsShared explorationLock speedFull tech treeHidden civsTurbo modeCheats
Victory
Defeat
🇷🇺 Danes · Russia
1035
+15
🇬🇧 Bohemians · United Kingdom
998
+16
🇩🇪 Ethiopians · Germany
989
+17
🇦🇹 Gurjaras · Austria
968
+18
🇦🇺 Spanish · Australia
1042
-18
🇨🇳 Italians · China
1021
-17
🇨🇳 Celts · China
988
-16
🇪🇸 Vietnamese · Spain
975
-15
xiaoluyeah
0:28 Loom
11:29 Feudal Age
13:59 Double-Bit Axe
17:28 Castle Age
15:27 Horse Collar
22:10 Stone Mining
22:11 Gold Mining
23:49 Wheelbarrow
24:15 Heavy Plow
24:26 Bow Saw
25:51 Fishing Lines
27:11 Stone Shaft Mining
30:39 Imperial Age
27:55 Town Watch
30:51 Imperial Age
31:07 Imperial Age
29:59 Hand Cart
30:26 Padded Archer Armor
30:24 Treadmill Crane
30:46 Town Watch
31:06 Caravan
31:53 Leather Archer Armor
31:28 Fletching
32:28 Crop Rotation
33:00 Two-Man Saw
33:05 Chemistry
32:18 Masonry
32:03 Murder Holes
32:28 Ballistics
33:33 Silk Road
35:37 Scale Mail Armor
35:48 Forging
37:23 Ring Archer Armor
36:48 Bodkin Arrow
38:43 Architecture
38:24 Fortified Wall
39:27 Conscription
Rido
0:26 Loom
12:27 Feudal Age
15:57 Castle Age
13:49 Double-Bit Axe
15:07 Horse Collar
16:52 Bow Saw
18:41 Gold Mining
20:21 Wheelbarrow
21:25 Husbandry
23:00 Bloodlines
23:13 Heavy Plow
23:23 Caravan
28:53 Hand Cart
29:24 Stone Mining
31:38 Scale Barding Armor
31:43 Forging
36:26 Imperial Age
35:22 Iron Casting
1684017744
10:10 Loom
12:28 Feudal Age
16:30 Castle Age
14:26 Double-Bit Axe
18:19 Horse Collar
20:33 Heavy Plow
26:02 Wheelbarrow
29:44 Imperial Age
28:06 Hand Cart
28:36 Gold Mining
28:37 Stone Mining
29:14 Bow Saw
31:29 Chemistry
29:59 Onager
31:42 Gold Shaft Mining
31:43 Stone Shaft Mining
32:12 Forging
32:03 Scale Mail Armor
33:30 Ballistics
33:16 Siege Engineers
33:03 Stronghold
33:26 Furor Celtica
33:37 Conscription
33:06 Arson
33:07 Gambesons
34:02 Iron Casting
34:07 Siege Onager
36:17 Blast Furnace
35:32 Chain Mail Armor
34:47 Pikeman
35:17 Halberdier
38:27 Plate Mail Armor
38:03 Scale Barding Armor
38:55 Hoardings
38:51 Light Cavalry
39:32 Husbandry
39:49 Caravan
40:00 Guilds
wheks
11:37 Feudal Age
11:15 Loom
15:39 Castle Age
14:19 Double-Bit Axe
14:27 Fletching
18:47 Horse Collar
26:20 Wheelbarrow
26:44 Town Watch
29:45 Imperial Age
27:23 Bodkin Arrow
28:33 Forging
28:25 Padded Archer Armor
28:25 Scale Mail Armor
28:40 Gold Mining
29:03 Squires
30:15 Elite Fire Lancer
32:34 Iron Casting
32:51 Bracer
35:02 Paper Money
34:05 Elite Skirmisher
34:47 Imperial Skirmisher
35:35 Thumb Ring
36:32 Chemistry
36:46 Elite Rattan Archer
38:52 Scale Mail Armor
SeaLs
1:53 Loom
12:05 Feudal Age
12:41 Double-Bit Axe
12:41 Horse Collar
19:43 Castle Age
18:05 Fishing Lines
21:24 Bow Saw
23:00 Heavy Plow
30:54 Imperial Age
29:00 Wheelbarrow
29:08 Ballistics
29:49 Chemistry
30:49 Hand Cart
31:20 Wagenburg Tactics
30:58 Houfnice
32:26 Town Watch
32:13 Elite Hussite Wagon
33:14 Conscription
35:49 Siege Engineers
wzd27
1:23 Loom
15:05 Feudal Age
15:36 Double-Bit Axe
15:34 Horse Collar
15:46 Stone Mining
24:26 Castle Age
23:33 Fishing Lines
24:17 Gold Mining
25:50 Bow Saw
25:42 Heavy Plow
26:20 Gold Shaft Mining
28:38 Wheelbarrow
27:48 Town Watch
27:50 Crossbowman
28:35 Thumb Ring
28:43 Fletching
28:53 Padded Archer Armor
29:04 Forging
28:54 Scale Mail Armor
30:21 Stone Shaft Mining
30:55 Thumb Ring
32:13 Hand Cart
34:00 Ballistics
33:36 Murder Holes
33:52 Fortified Wall
33:53 Town Patrol
37:47 Imperial Age
37:00 Bodkin Arrow
37:20 Leather Archer Armor
38:16 Royal Heirs
39:34 Chemistry
38:40 Siege Engineers
38:46 Masonry
38:11 Arbalester
38:56 Bracer
39:27 Ring Archer Armor
38:40 Elite Shotel Warrior
39:41 Conscription
39:24 Torsion Engines
Bantum
5:09 Loom
12:19 Feudal Age
13:37 Double-Bit Axe
19:16 Castle Age
17:36 Gold Mining
17:35 Fishing Lines
19:48 Gillnets
20:38 Gold Shaft Mining
21:48 Stone Mining
23:39 Stone Shaft Mining
27:12 Imperial Age
24:34 Treadmill Crane
26:13 Forging
26:08 Scale Barding Armor
27:08 Wheelbarrow
27:25 Bloodlines
27:16 Husbandry
27:53 Iron Casting
28:17 Chain Barding Armor
28:13 Kshatriyas
28:41 Conscription
29:47 Chemistry
29:04 Hand Cart
28:51 Elite Shrivamsha Rider
30:42 Horse Collar
31:21 Bow Saw
33:04 Heavy Camel Rider
34:22 Plate Barding Armor
PBILLOTTE
0:58 Loom
13:28 Feudal Age
14:01 Double-Bit Axe
18:18 Castle Age
16:00 Horse Collar
16:14 Stone Mining
18:20 Fishing Lines
21:52 Wheelbarrow
24:48 Heavy Plow
25:44 Gillnets
26:59 Bow Saw
28:58 Hand Cart
28:28 Town Watch
28:06 Man-at-Arms
28:31 Gambesons
28:47 Squires
28:32 Arson
28:08 Pikeman
30:02 Gold Mining
30:06 Long Swordsman
33:31 Imperial Age
31:17 Forging
31:07 Scale Mail Armor
32:46 Gold Shaft Mining
33:39 Iron Casting
33:19 Chain Mail Armor
33:38 Capped Ram
34:12 Elite Varangian Guard
35:05 Hamask
36:27 Siege Ram
38:27 Blast Furnace
37:57 Plate Mail Armor
39:02 Conscription
38:04 Northmen's Fury
38:54 Siege Engineers
39:09 Ballistics
39:50 Chemistry
38:36 Arrowslits
39:02 Masonry
Connection lost

Rejoining the realm…

Still unreachable

The connection could not be restored.

Session expired

The server has moved on; the page needs a fresh start.